 Dungeon Crawl Stone Soup version 0.30-a0-912-ge10d75a369 (webtiles) character file.

Game seed: 3739091451894275445

7215 Bnni the Geomancer (level 11, -9/87 HPs)
             Began as a Formicid Earth Elementalist on Mar 19, 2023.
             Was a Priest of Cheibriados.
             Mangled by a troll (10 damage)
             ... on level 9 of the Dungeon.
             The game lasted 00:17:34 (8448 turns).

Bnni the Geomancer (Formicid Earth Elementalist)    Turns: 8448, Time: 00:17:34

Health: -9/87      AC: 10    Str: 21    XL:     11   Next: 33%
Magic:  1/16       EV: 12    Int: 27    God:    Cheibriados [***...]
Gold:   370        SH:  0    Dex: 22    Spells: 6/16 levels left

rFire   + . .      SeeInvis +    H - +4 spear
rCold   . . .      Faith    .    (no shield)
rNeg    . . .      Spirit   .    v - +4 ring mail {rF+}
rPois   .          Reflect  .    (helmet unavailable)
rElec   .          Rampage  .    (no cloak)
rCorr   .                        (no gloves)
Will    +++..                    (no boots)
Stlth   ++                       (no amulet)
HPRegen 0.34/turn                p - ring of willpower
MPRegen 0.15/turn                B - ring of willpower

@: mighty, very slow
A: permanent stasis, dig shafts and tunnels, antennae 3, four strong arms
a: Dig, Shaft Self, Renounce Religion, Bend Time, Temporal Distortion


You were on level 9 of the Dungeon.
You worshipped Cheibriados.
Cheibriados was most pleased with you.
You visited 2 branches of the dungeon, and saw 10 of its levels.

You collected 370 gold pieces.

Inventory:

Hand Weapons
 e - a +0 spear of venom
 H - a +4 spear (weapon)
Missiles
 J - a poisoned dart
Armour
 b - +0 swamp dragon scales
 v - a +4 ring mail of fire resistance (worn)
Jewellery
 p - a ring of willpower (left hand)
 w - a ring of ice
 B - a ring of willpower (right hand)
Wands
 j - a wand of polymorph (15)
 q - a wand of flame (16)
 E - a wand of digging (6)
 F - a wand of roots (5)
 I - a wand of mindburst (20)
Scrolls
 c - a scroll of noise {unknown}
 d - a scroll of vulnerability
 h - a scroll of fear {unknown}
 k - 2 scrolls of blinking {unknown}
 l - 2 scrolls of amnesia
 t - 3 scrolls of silence
 x - 2 scrolls of fog {unknown}
 y - a scroll of enchant armour {unknown}
 A - a scroll of summoning {unknown}
 D - a scroll of acquirement {unknown}
 G - a scroll of torment
Potions
 a - 2 potions of might
 f - 2 potions of brilliance
 i - a potion of attraction {unknown}
 n - a potion of cancellation {unknown}
 o - 3 potions of curing
 r - 2 potions of flight {unknown}
 s - 2 potions of degeneration {unknown}
 z - 3 potions of mutation {unknown}
 C - a potion of lignification {unknown}


   Skills:
 + Level 8.4 Fighting
 + Level 7.4 Armour
 - Level 1.7 Dodging
 - Level 2.4 Stealth
 - Level 3.3 Spellcasting
 - Level 3.0 Transmutations
 * Level 13.5 Earth Magic
 + Level 7.4 Invocations


You had 6 spell levels left.
You knew the following spells:

 Your Spells              Type           Power      Damage    Failure   Level
a - Sandblast             Erth           100%       2d20      1%          1
b - Passwall              Tmut/Erth      40%        N/A       1%          2
c - Stone Arrow           Conj/Erth      82%        3d12      2%          3
d - Petrify               Tmut/Erth      49%        N/A       4%          4

Your spell library contained the following spells:

 Spells                   Type           Power      Damage    Failure   Level
 Freeze                   Ice            16%        1d4       13%         1
 Necrotise                Necr           16%        1d4       13%         1
 Slow                     Hex            16%        N/A       13%         1
 Confusing Touch          Hex            4%         N/A       36%         3
 Frozen Ramparts          Ice            8%         1d2       36%         3
 Hailstorm                Conj/Ice       4%         3d4       36%         3
 Vampiric Draining        Necr           4%         2d6       36%         3
 Ice Form                 Ice/Tmut       12%        N/A       56%         4
 Airstrike                Air            2%         2d(1-17)  77%         4
 Cause Fear               Hex            2%         N/A       77%         4
 Summon Lightning Spire   Summ/Air       4%         N/A       77%         4
 Agony                    Necr           4%         N/A       98%         5
 Plasma Beam              Fire/Air       2%         2x1d13    98%         5
 Simulacrum               Ice/Necr       2%         N/A       100%        6
 Dragon Form              Tmut           10%        N/A       100%        7
 Dragon's Call            Summ           2%         N/A       100%        9


Dungeon Overview and Level Annotations

Branches:
Dungeon (9/15)             Temple (1/1) D:5            Lair (0/5) D:8
    Orc: D:9-12

Altars:
Ashenzari
Cheibriados
Dithmenos
Elyvilon
Fedhas
Gozag
Hepliaklqana
Kikubaaqudgha
Makhleb
Nemelex Xobeh
Okawaru
Qazlal
Ru
Sif Muna
Trog
Uskayaw
Vehumet
Wu Jian
Xom
Yredelemnul
Zin
The Shining One

Shops:
D:1 [   D:7 [


Innate Abilities, Weirdness & Mutations

You cannot be hasted, slowed, berserked, paralysed or teleported.
You can dig through walls and to a lower floor.
You have a pair of large antennae on your head. (SInv)
Your four strong arms can wield two-handed weapons with a shield.


Message History

You feel better. The yak gores you but does no damage.
Aiming: Sandblast (safe; 1% risk of failure)
Press: ? - help, Q - select action, (/) - cycle Shift-Dir - straight line, f - yak
Aim: a yak (moderately wounded, 91% to hit)
The blast of sand hits the yak!!
The yak is almost dead.
The yak gores you.
* * * LOW HITPOINT WARNING * * *
You puncture the yak!
You kill the yak!
Cheibriados thoroughly appreciates the change of pace.
Throw: 3 darts (curare)
Press: ? - help, Shift-Dir - straight line, f - troll
Aim: a troll (67% to hit)
You throw a curare-tipped dart.
The curare-tipped dart closely misses the troll.
The troll misses you. The troll claws you.
* * * LOW HITPOINT WARNING * * *
The troll claws you but does no damage.
Throw: 2 darts (curare)
Press: ? - help, Shift-Dir - straight line, f/p - troll
Aim: a troll (67% to hit)
You throw a curare-tipped dart.
The curare-tipped dart barely misses the troll.
The curare-tipped dart hits the yak.
The yak is poisoned.
The yak convulses.
The yak seems to slow down.
The yak is lightly wounded.
The troll closely misses you. The troll claws you.
* * * LOW HITPOINT WARNING * * *
The troll claws you!
* * * LOW HITPOINT WARNING * * *
Throw: dart (curare)
Press: ? - help, Shift-Dir - straight line, f/p - troll
Aim: a troll (67% to hit)
You throw a curare-tipped dart. The curare-tipped dart hits the troll.
The troll is poisoned.
The troll convulses.
The troll seems to slow down.
The troll is moderately wounded.
The troll bites you!
You die...

#...........# .......
#...........# .......
#...........# .......
#...........###.......
#............(#.......
#...........#.#.......
#...........#Y.§.K....
#.†.........#T#.......
#.<........>#@########
#..........[###
#####.####### #..#
##+#


You could see a yak (very poisoned, slow) and a troll (very poisoned, slow).

Vanquished Creatures
  3 death yaks
  Pikel (D:9)
  Psyche (D:8)
  Maggie (D:7)
  A hornet (D:9)
  Sigmund (D:2)
  A wyvern (D:7)
  4 yaks (D:9)
  Duvessa (D:5)
  3 water moccasins
  An orc warrior (D:8)
  3 black bears
  2 ogres
  A centaur (D:5)
  2 lemures (D:9)
  A kobold brigand (D:5)
  A phantom (D:3)
  2 bullfrogs (D:8)
  6 scorpions
  7 wights (D:7)
  Dowan (D:5)
  13 killer bees
  A howler monkey (D:6)
  2 jellies
  A hound (D:6)
  3 orc priests
  2 gnoll boudas (D:7)
  Ijyb (D:7)
  4 orc wizards
  2 iguanas
  A hell rat (D:8)
  8 adders
  8 gnolls (D:7)
  A river rat (D:8)
  A shadow imp (D:7)
  2 white imps
  An ufetubus (D:7)
  A worm (D:2)
  4 dart slugs
  29 orcs
  2 ball pythons (D:1)
  6 bats
  7 endoplasms
  3 giant cockroaches
  10 goblins
  7 hobgoblins
  2 jackals (D:1)
  10 quokkas
  2 frilled lizards
  13 kobolds
  7 rats
198 creatures vanquished.

Notes
Turn   | Place    | Note
-------+----------+-------------------------------------------
     0 | D:1      | Bnni the Formicid Earth Elementalist began the quest for
                  | the Orb.
     0 | D:1      | Reached XP level 1. HP: 13/13 MP: 3/3
   200 | D:1      | Reached XP level 2. HP: 5/20 MP: 0/5
   267 | D:1      | Learned a level 2 spell: Passwall
   404 | D:1      | Reached skill level 4 in Earth Magic
   584 | D:1      | Reached XP level 3. HP: 24/25 MP: 2/6
   678 | D:1      | Reached skill level 1 in Fighting
   831 | D:1      | Found Sogig's Antique Armour Boutique.
  1503 | D:2      | Reached XP level 4. HP: 32/32 MP: 6/8
  1809 | D:2      | Noticed Sigmund
  1817 | D:2      | Killed Sigmund
  1818 | D:2      | Reached skill level 5 in Earth Magic
  1818 | D:2      | Reached XP level 5. HP: 18/39 MP: 1/10
  1818 | D:2      | Reached XP level 6. HP: 21/45 MP: 1/11
  2435 | D:2      | Learned a level 3 spell: Stone Arrow
  2440 | D:2      | Learned a level 4 spell: Petrify
  3087 | D:3      | Found a blossoming altar of Fedhas.
  3087 | D:3      | Found an ornate altar of the Wu Jian Council.
  3237 | D:3      | Reached skill level 6 in Earth Magic
  3363 | D:4      | Reached XP level 7. HP: 52/52 MP: 7/12
  3539 | D:4      | Reached skill level 7 in Earth Magic
  3971 | D:5      | Entered Level 5 of the Dungeon
  4182 | D:5      | Reached skill level 1 in Armour
  4232 | D:5      | Reached XP level 8. HP: 40/60 MP: 4/13
  4331 | D:5      | Noticed Ijyb
  4338 | D:5      | Reached skill level 8 in Earth Magic
  4387 | D:5      | Noticed Dowan
  4387 | D:5      | Noticed Duvessa
  4419 | D:5      | Killed Duvessa
  4425 | D:5      | Killed Dowan
  4600 | D:5      | Found a staircase to the Ecumenical Temple.
  4607 | Temple   | Entered the Ecumenical Temple
  4772 | Temple   | Became a worshipper of Cheibriados the Contemplative
  5115 | D:5      | Reached skill level 5 in Fighting
  5115 | D:5      | Reached skill level 9 in Earth Magic
  5115 | D:5      | Reached skill level 1 in Invocations
  5292 | D:6      | Reached XP level 9. HP: 59/68 MP: 10/14
  5367 | D:6      | Reached * piety under Cheibriados
  5661 | D:6      | Reached skill level 10 in Earth Magic
  6142 | D:7      | Found Kamoiwu Echu's Antique Armour Shop.
  6193 | D:7      | Noticed Maggie
  6210 | D:7      | Killed Maggie
  6250 | D:7      | Reached skill level 5 in Armour
  6302 | D:7      | Reached ** piety under Cheibriados
  6306 | D:7      | Killed Ijyb
  6623 | D:7      | Reached skill level 11 in Earth Magic
  6655 | D:7      | Reached XP level 10. HP: 77/77 MP: 12/15
  6766 | D:7      | Reached skill level 5 in Invocations
  7141 | D:8      | Noticed a death yak
  7144 | D:8      | Noticed a death yak
  7144 | D:8      | Noticed a death yak
  7154 | D:7      | Killed a death yak
  7406 | D:8      | Noticed Psyche
  7418 | D:8      | Killed Psyche
  7419 | D:8      | Reached skill level 12 in Earth Magic
  7536 | D:8      | Reached *** piety under Cheibriados
  7789 | D:8      | Killed a death yak
  7796 | D:8      | Killed a death yak
  7797 | D:8      | Reached XP level 11. HP: 8/86 MP: 0/16
  8041 | D:8      | Found a staircase to the Lair.
  8391 | D:9      | Reached skill level 13 in Earth Magic
  8417 | D:9      | Noticed Pikel
  8432 | D:9      | Killed Pikel
  8447 | D:9      | HP: 1/87 [troll (8)]
  8448 | D:9      | Mangled by a troll

Illustrated notes

Levels and vault maps discovered:
D:1:      erik_arrival_orb_chamber, layout_loops_corners, serial_shops, shop
D:2:      layout_basic, uniq_sigmund
D:3:      layout_loops_ring, gammafunk_temple_overflow_pools
D:4:      layout_cave_pools
D:5:      layout_cave_pools, minmay_temple_entry_fiery, corner_web_ring,
          uniq_duvessa, uniq_ijyb
D:6:      layout_cave_pools
D:7:      layout_loops_ring, serial_shops, nicolae_stop_n_shop_1,
          minmay_splitting_lines, uniq_maggie
D:8:      layout_cave_pools, dpeg_lair_monsters, uniq_psyche
D:9:      layout_roguey [special_room_bee], serial_shops,
          nicolae_shop_temple_entry_statues_fountains, uniq_pikel
Temple:   nicolae_temple_slightly_damp_pantheon

Skill      XL: |  1  2  3  4  5  6  7  8  9 10 11 |
---------------+----------------------------------+-----
Earth Magic    | 4 5 6 7 9 11 12 13 | 13.5
Fighting       | 1 2 3 4 5 6 7 8 |  8.4
Transmutations | 2 3 |  3.0
Spellcasting   | 3 |  3.3
Armour         | 1 3 5 6 7 |  7.4
Invocations    | 2 4 6 7 |  7.4
Dodging        | |  1.7
Stealth        | |  2.4

Action                     |  1- 3 |  4- 6 |  7- 9 | 10-12 || total
---------------------------+-------+-------+-------+-------++-------
  Melee: Short sword       |    16 |       |       |       ||    16
         Whip              |       |       |    24 |       ||    24
         Spear             |       |       |       |    11 ||    11
  Throw: Dart              |       |       |     2 |     8 ||    10
   Cast: Sandblast         |    47 |    66 |   158 |   109 ||   380
         Petrify           |       |       |     2 |     1 ||     3
         Stone Arrow       |       |       |       |     3 ||     3
Ability: Dig               |       |       |     2 |     1 ||     3
  Evoke: Wand              |       |       |       |     1 ||     1
    Use: Potion            |       |       |     3 |     3 ||     6
         Scroll            |       |       |     1 |     5 ||     6
 Armour: Robe              |     4 |     9 |       |       ||    13
         Scale mail        |       |       |    22 |       ||    22
         Ring mail         |       |       |    63 |    23 ||    86
  Dodge: Dodged            |    24 |    23 |    76 |    66 ||   189

Table legend: (Time is in decaauts)
 A = Elapsed time spent in this place.
 B = Non-inter-level travel time spent in this place.
 C = Inter-level travel time spent in this place.
 D = Time resting spent in this place.
 E = Time spent auto-exploring this place.
 F = Levels seen in this place.
 G = Mean time per level.
                   A        B        C        D        E       F      G
               +--------+--------+--------+--------+--------+-----+--------+
         Total |   9471 |   9054 |    417 |   1304 |   6331 |  10 |  947.1 |
       Dungeon |   9278 |   8893 |    385 |   1304 |   6195 |   9 | 1030.9 |
        Temple |    192 |    160 |     32 |      0 |    136 |   1 |  192.0 |
               +--------+--------+--------+--------+--------+-----+--------+

Top non-repeatable levels by time:
     D:7: 1752 daAuts
     D:1: 1384 daAuts
     D:5: 1218 daAuts
     D:2: 1124 daAuts
     D:8: 1121 daAuts
     D:6: 1066 daAuts
     D:3: 941 daAuts
     D:4: 584 daAuts
  Temple: 192 daAuts
     D:9: 84 daAuts
